 Dungeon Sprint DCSS version 0.26-a0-737-g4e9f4955e2 (webtiles) character file.

Game seed: 6137000332647181522

698 sahdkjhfkaj the Jinx (level 7, -3/39 HPs)
             Began as a Spriggan Enchanter on Nov 4, 2020.
             Slain by a five-headed hydra (8 damage)
             ... in the Dungeon (Sprint VII: "The Pits").
             The game lasted 00:05:39 (838 turns).

sahdkjhfkaj the Jinx (Spriggan Enchanter)            Turns: 838, Time: 00:05:40

Health: -3/39      AC:  2    Str:  4    XL:     7   Next: 38%
Magic:  11/15      EV: 26    Int: 17    God:
Gold:   0          SH:  0    Dex: 18    Spells: 7/16 levels left

rFire    . . .     SeeInvis +   a - +1 dagger (elec)
rCold    . . .     Faith    .   (shield restricted)
rNeg     . . .     Spirit   .   b - +0 robe
rPois    .         Reflect  .   (helmet restricted)
rElec    .         Harm     .   (no cloak)
rCorr    .         Rampage  .   (gloves unavailable)
MR       +....     NoTele   +   (boots unavailable)
Stlth    +++++.....             (no amulet)
HPRegen  0.13/turn              (no ring)
MPRegen  0.14/turn              (no ring)

@: very quick
A: very small, unfitting armour, see invisible, speed 3
a: no special abilities


You were in the Dungeon.
You visited 1 branch

Inventory:

Hand Weapons
 a - a +1 dagger of electrocution (weapon)
Armour
 b - a +0 robe (worn)
Scrolls
 i - a scroll of blinking {!r}
 j - 3 scrolls of remove curse {!r}
 k - 5 scrolls of amnesia {!r}
 l - a scroll of summoning {!r}
Potions
 c - 2 potions of invisibility {!q}
 d - 6 potions of curing {!q}
 e - 6 potions of heal wounds {!q}
 f - a potion of haste {!q}
 g - 4 potions of magic {!q}
 h - 3 potions of berserk rage {!q}


   Skills:
 - Level 5.0 Fighting
 + Level 5.4 Short Blades
 - Level 10.0 Dodging
 - Level 10.0 Stealth
 - Level 5.0 Spellcasting
 - Level 2.3 Conjurations
 - Level 12.0 Hexes
 - Level 1.0 Ice Magic


You had 7 spell levels left.
You knew the following spells:

 Your Spells              Type           Power        Failure   Level
a - Ensorcelled Hibernat  Hex/Ice        ####..       1%          2
c - Corona                Hex            #####..      1%          1
e - Dazzling Flash        Conj/Hex       ####..       2%          3
T - Confusing Touch       Hex            #####...     1%          3

Your spell library contained the following spells:

 Spells                   Type           Power        Failure   Level
 Tukima's Dance           Hex            #####...     1%          3


Dungeon Overview and Level Annotations

Branches:
Dungeon (1/1)

Altars:
Ashenzari
Cheibriados
Dithmenos
Elyvilon
Fedhas
Gozag
Hepliaklqana
Kikubaaqudgha
Makhleb
Nemelex Xobeh
Okawaru
Qazlal
Ru
Sif Muna
Trog
Uskayaw
Vehumet
Wu Jian
Xom
Yredelemnul
Zin
The Shining One
Beogh
Jiyva
Lugonu


Innate Abilities, Weirdness & Mutations

You are very small and have problems with some larger weapons.
You are too small for most types of armour.
You have supernaturally acute eyesight. (SInv)
You cover ground extremely quickly.


Message History

Training target 10.0 for Dodging reached!
Your Dodging skill increases to level 10!
You need to enable at least one skill for training.
Training target 12.0 for Hexes reached!
Your Hexes skill increases to level 12!
You need to enable at least one skill for training.
There is an open door here.
Casting: Ensorcelled Hibernation (safe; 1% risk of failure)
Confirm with . or Enter, or press ? or * to list all spells.
Aiming: Ensorcelled Hibernation (safe; 1% risk of failure)
Press: ? - help, Shift-Dir - straight line, f - five-headed hydra
Aim: a five-headed hydra (chance to defeat MR: 22%)
The five-headed hydra resists with almost no effort.
The five-headed hydra completely misses you.
The five-headed hydra bites you!!
* * * LOW HITPOINT WARNING * * *
The five-headed hydra bites you!
* * * LOW HITPOINT WARNING * * *
The five-headed hydra bites you!
You die...

#(#..[)))..##.......#
#'###########.......#
#......÷#..##########
#.###...#)######
#.#.....#.#....#
#.#...#÷#'#....#
#.....#.#.K....+
#...###.#D#....#
#.......@)# D..#
########### ###


You could see a five-headed hydra and a kobold.

Vanquished Creatures
  A redback (D)
  A black bear (D)
  An ogre (D)
  A centaur (D)
  A big kobold (D)
  A bullfrog (D)
  2 crimson imps (D)
  A quasit (D)
  An orc priest (D)
  A gnoll (D)
  An adder (D)
  A river rat (D)
  An ooze (D)
  An adder skeleton (D)
  2 leopard geckos (D)
  A bat (D)
  A bat skeleton (D)
  2 kobolds (D)
  2 rats (D)
23 creatures vanquished.

Notes
Turn   | Place    | Note
-------+----------+-------------------------------------------
     0 | D        | sahdkjhfkaj the Spriggan Enchanter began the quest for the
                  | Orb.
     0 | D        | Reached XP level 1. HP: 9/9 MP: 5/5
    14 | D        | Reached skill level 4 in Hexes
    14 | D        | Reached skill level 5 in Stealth
    14 | D        | Reached skill level 1 in Fighting
    17 | D        | Found a bloodstained altar of Trog.
    17 | D        | Found a shimmering blue altar of Sif Muna.
    17 | D        | Found a viscous altar of Jiyva.
    17 | D        | Found a hazy altar of Hepliaklqana.
    17 | D        | Found an opulent altar of Gozag.
    18 | D        | Found a glowing golden altar of the Shining One.
    18 | D        | Found a glowing silver altar of Zin.
    18 | D        | Found a basalt altar of Yredelemnul.
    18 | D        | Found a shimmering altar of Xom.
    18 | D        | Found an ornate altar of the Wu Jian Council.
    18 | D        | Found a sacrificial altar of Ru.
    18 | D        | Found a stormy altar of Qazlal.
    18 | D        | Found an iron altar of Okawaru.
    18 | D        | Found a sparkling altar of Nemelex Xobeh.
    18 | D        | Found a burning altar of Makhleb.
    18 | D        | Found a blossoming altar of Fedhas.
    18 | D        | Found a white marble altar of Elyvilon.
    18 | D        | Found a shadowy altar of Dithmenos.
    18 | D        | Found a snail-covered altar of Cheibriados.
    19 | D        | Found a radiant altar of Vehumet.
    19 | D        | Found a corrupted altar of Lugonu.
    19 | D        | Found a roughly hewn altar of Beogh.
    20 | D        | Found a hide-covered altar of Uskayaw.
    20 | D        | Found an ancient bone altar of Kikubaaqudgha.
    20 | D        | Found a broken altar of Ashenzari.
    80 | D        | Reached skill level 5 in Hexes
    80 | D        | Reached skill level 5 in Dodging
    80 | D        | Reached XP level 2. HP: 14/14 MP: 6/6
    95 | D        | Learned a level 2 spell: Ensorcelled Hibernation
   199 | D        | Reached skill level 1 in Ice Magic
   199 | D        | Reached skill level 6 in Hexes
   279 | D        | Reached XP level 3. HP: 15/18 MP: 0/8
   390 | D        | Noticed a big kobold
   396 | D        | Noticed a black bear
   415 | D        | Killed a big kobold
   415 | D        | Reached skill level 5 in Short Blades
   415 | D        | Reached skill level 5 in Spellcasting
   415 | D        | Reached skill level 7 in Hexes
   415 | D        | Reached XP level 4. HP: 17/22 MP: 0/12
   420 | D        | Learned a level 3 spell: Dazzling Flash
   432 | D        | Reached skill level 1 in Conjurations
   432 | D        | Reached skill level 8 in Hexes
   530 | D        | Reached XP level 5. HP: 25/25 MP: 13/13
   595 | D        | Killed a black bear
   595 | D        | Reached skill level 9 in Hexes
   595 | D        | Reached skill level 5 in Fighting
   611 | D        | Learned a level 3 spell: Confusing Touch
   652 | D        | Noticed an ogre
   654 | D        | Killed an ogre
   654 | D        | Reached skill level 10 in Hexes
   654 | D        | Reached skill level 11 in Hexes
   654 | D        | Reached XP level 6. HP: 35/35 MP: 14/14
   773 | D        | Reached skill level 10 in Stealth
   776 | D        | Reached XP level 7. HP: 39/39 MP: 12/15
   832 | D        | Noticed a redback
   832 | D        | Noticed a five-headed hydra
   836 | D        | Killed a redback
   836 | D        | Reached skill level 10 in Dodging
   836 | D        | Reached skill level 12 in Hexes
   838 | D        | Slain by a five-headed hydra

Illustrated notes

Levels and vault maps discovered:
D:        pitsprint [storerooms_1, entrance_room_1, metal_vault_5, armoury_2,
          mini_pit_1, grid_room_1, main_hall_1, silver_pit, the_coven_3,
          the_vestibule_1, steel_vault_3, golden_pit, hallway_of_sentries,
          crystal_vault_4, iron_vault_2, final_vault]

Skill      XL: |  1  2  3  4  5  6  7 |
---------------+----------------------+-----
Hexes          | 5 6 7 8 11 12 | 12.0
Stealth        | 5 10 | 10.0
Fighting       | 1 5 |  5.0
Dodging        | 5 8 10 | 10.0
Ice Magic      | 1 |  1.0
Short Blades   | 2 5 |  5.4
Spellcasting   | 5 |  5.0
Conjurations   | 2 |  2.3

Action                   |  1- 3 |  4- 6 |  7- 9 || total
-------------------------+-------+-------+-------++-------
Melee: Dagger            |    24 |    15 |     2 ||    41
 Cast: Corona            |     2 |       |       ||     2
       Ensorcelled Hiber |     9 |    11 |     4 ||    24
       Confusing Touch   |       |     1 |       ||     1
 Stab: Sleeping          |     7 |     7 |     2 ||    16
       Distracted        |       |     1 |       ||     1
Armor: Robe              |     3 |     1 |       ||     4
Dodge: Dodged            |    26 |     5 |     2 ||    33

Table legend: (Time is in decaauts)
 A = Elapsed time spent in this place.
 B = Non-inter-level travel time spent in this place.
 C = Inter-level travel time spent in this place.
 D = Time resting spent in this place.
 E = Time spent auto-exploring this place.
 F = Levels seen in this place.
 G = Mean time per level.
                   A        B        C        D        E       F      G
               +--------+--------+--------+--------+--------+-----+--------+
         Total |    757 |    757 |      0 |    536 |      0 |   1 |  757.0 |
       Dungeon |    757 |    757 |      0 |    536 |      0 |   1 |  757.0 |
               +--------+--------+--------+--------+--------+-----+--------+

Top non-repeatable levels by time:
       D: 757 daAuts
